 Dungeon Crawl Stone Soup version 0.23-a0-121-g4413648 (webtiles) character file.

91 Amnesiac the Gusty (level 4, -7/30 HPs)
             Began as a Mummy Air Elementalist on Aug 26, 2018.
             Mangled by a centaur (8 damage)
             ... on level 4 of the Dungeon.
             The game lasted 00:04:23 (1244 turns).

Amnesiac the Gusty (Mummy Air Elementalist)         Turns: 1244, Time: 00:04:24

Health: -7/30      AC:  2    Str: 11    XL:     4   Next: 33%
Magic:  0/24       EV: 12    Int: 15    God:
Gold:   41         SH:  0    Dex: 12    Spells: 3/10 levels left

rFire    x . .     SeeInvis .   a - staff of power
rCold    + . .     Gourm    .   (no shield)
rNeg     + + +     Faith    .   d - +0 robe
rPois    ∞         Spirit   .   (no helmet)
rElec    .         Reflect  .   (no cloak)
rCorr    .         Harm     .   (no gloves)
MR       .....                  (no boots)
Stlth    ++........             (no amulet)
HPRegen  0.10/turn              (no ring)
MPRegen  0.19/turn              (no ring)

@: very slightly contaminated
A: no food or potions, fire vulnerability, cold resistance 1, negative energy
resistance 3, torment resistance, unbreathing
a: no special abilities


You were on level 4 of the Dungeon.
You were not hungry.

You visited 1 branch of the dungeon, and saw 4 of its levels.

You collected 41 gold pieces.

Inventory:

Hand Weapons
 b - a +2 hand axe of electrocution
Armour
 d - a +0 robe (worn)
 e - a +2 ring mail of positive energy
Magical Staves
 a - an uncursed staff of power (weapon)
Scrolls
 h - a scroll of immolation {!r}


   Skills:
 - Level 1.5 Dodging
 - Level 1.5 Stealth
 + Level 3.7 Spellcasting
 - Level 0.7 Conjurations
 * Level 3.8 Air Magic


You had 3 spell levels left.
You knew the following spells:

 Your Spells              Type           Power        Failure   Level  Hunger
a - Airstrike             Air            ##........   36%         4    N/A
e - Shock                 Conj/Air       #...         7%          1    N/A
z - Swiftness             Chrm/Air       #.......     13%         2    N/A

Your spell library contained the following spells:

 Spells                   Type           Power        Failure   Level  Hunger
 Static Discharge         Conj/Air       #.......     22%         3    N/A
 Lightning Bolt           Conj/Air       #.........   89%         5    N/A

Dungeon Overview and Level Annotations

Branches:
Dungeon (4/15)
 Temple: D:4-7

Altars:


Innate Abilities, Weirdness & Mutations

You do not eat or drink.
Your flesh is vulnerable to fire.
You are immune to poison.
Your flesh is cold resistant. (rC+)
You are immune to negative energy. (rN+++)
You are immune to unholy pain and torment.
You can survive without breathing.


Message History

Aiming: Shock (safe; 7% risk of failure)
Press: ? - help, Shift-Dir - straight line, f - centaur
Aim: a centaur (hasn't noticed you) That beam is likely to hit you.
Continue anyway?
The zap hits the centaur.
The centaur is lightly wounded.
The centaur shouts!
The zap hits the centaur.
The centaur is moderately wounded.
The zap misses you.
The centaur drinks a potion.
The centaur flickers and vanishes!
Deactivating autopickup; reactivate with Ctrl-A.
Something barely misses you.
Casting: Shock (safe; 7% risk of failure)
Confirm with . or Enter, or press ? or * to list all spells.
You don't know that spell.
Casting: Shock (safe; 7% risk of failure)
Confirm with . or Enter, or press ? or * to list all spells.
You can't see any susceptible monsters within range! (Use Z to cast anyway.)
Casting: Shock (safe; 7% risk of failure)
Confirm with . or Enter, or press ? or * to list all spells.
Aiming: Airstrike (quite dangerous; 36% risk of failure)
Press: ? - help, Dir - move target cursor You miscast Airstrike.
Ouch! You feel a sudden electric shock. Something hits you but does no damage.
Casting: Airstrike (quite dangerous; 36% risk of failure)
Confirm with . or Enter, or press ? or * to list all spells.
Aiming: Airstrike (quite dangerous; 36% risk of failure)
Press: ? - help, Dir - move target cursor The air twists around and strikes something!
Something hits you. x2
Casting: Airstrike (quite dangerous; 36% risk of failure)
Confirm with . or Enter, or press ? or * to list all spells.
Aiming: Airstrike (quite dangerous; 36% risk of failure)
Press: ? - help, Dir - move target cursor The air twists around and strikes something!
Something hits you but does no damage.
Casting: Airstrike (quite dangerous; 36% risk of failure)
Confirm with . or Enter, or press ? or * to list all spells.
Aiming: Airstrike (quite dangerous; 36% risk of failure)
Press: ? - help, Dir - move target cursor You miscast Airstrike.
You hear a whooshing sound.
Something hits you!
* * * LOW HITPOINT WARNING * * *
Something hits you.
* * * LOW HITPOINT WARNING * * *
Casting: Airstrike (quite dangerous; 36% risk of failure)
Confirm with . or Enter, or press ? or * to list all spells.
Aiming: Shock (safe; 7% risk of failure)
Press: ? - help, Shift-Dir - straight line That beam is likely to hit you.
Continue anyway?
The zap hits something.
The zap misses you. Something hits you.
* * * LOW HITPOINT WARNING * * *
An adder comes into view.
Casting: Shock (safe; 7% risk of failure)
Confirm with . or Enter, or press ? or * to list all spells.
Aiming: Shock (safe; 7% risk of failure)
Press: ? - help, Shift-Dir - straight line The adder hisses angrily.
Something hits you!
* * * LOW HITPOINT WARNING * * *
Something hits you!
You die...

#########
........# #{#
###### #@#######
......##........
..........######
.#........#
#.(......#
.#.)......#
.........S##
##.........#
...........#


You could see an adder.

Vanquished Creatures
  An orc wizard (D:3)
  2 adders
  A worm (D:4)
  A leopard gecko (D:1)
  5 orcs
  2 bats (D:1)
  2 giant cockroaches
  3 hobgoblins (D:1)
  3 jackals (D:3)
  A ball python (D:4)
  3 frilled lizards
  A goblin (D:1)
  6 kobolds
  5 rats
36 creatures vanquished.

Notes
Turn   | Place    | Note
-------+----------+-------------------------------------------
     0 | D:1      | Amnesiac the Mummy Air Elementalist began the quest for the Orb.
     0 | D:1      | Reached XP level 1. HP: 13/13 MP: 4/4
   169 | D:1      | Reached XP level 2. HP: 19/19 MP: 1/5
   173 | D:1      | Learned a level 2 spell: Swiftness
   540 | D:1      | Reached XP level 3. HP: 14/24 MP: 5/7
   855 | D:3      | Reached XP level 4. HP: 23/30 MP: 9/9
   861 | D:3      | Learned a level 4 spell: Airstrike
  1236 | D:4      | Noticed a centaur
  1244 | D:4      | HP: 1/30 [something (9)]
  1244 | D:4      | Mangled by a centaur

Vault maps used:
D:1:      lemuel_arrival_cross
D:2:      kiku_gazebo_garden_becter, first_ration
D:3:      minmay_crystal_water, kennysheep_generic_room_7
D:4:      kennysheep_nondescript, serial_bayou_ford_a

Skill      XL: |  1  2 |
---------------+-------+-----
Air Magic      | 3 |  3.8
Spellcasting   | 3 |  3.7
Dodging        | |  1.5
Stealth        | |  1.5
Conjurations   | |  0.7

Action                   |  1- 3 |  4- 6 || total
-------------------------+-------+-------++-------
Melee: Whip              |     6 |       ||     6
 Cast: Shock             |    46 |    25 ||    71
       Airstrike         |       |     5 ||     5
  Use: Scroll            |       |     3 ||     3
 Stab: Sleeping          |     1 |       ||     1
Armor: Robe              |     4 |     3 ||     7
Dodge: Dodged            |    20 |    10 ||    30

Table legend:
 A = Non-vault XP
 B = Vault XP
 C = Vault XP percentage of total XP
 D = Non-vault monster count
 E = Vault monster count
 F = Vault count percentage of total count
                 A         B        C        D         E       F
            +---------+---------+-------+---------+---------+-------
      Total |     125 |       5 |   3.8 |      33 |       3 |   8.3
            +---------+---------+-------+---------+---------+-------
        D:1 |      28 |       0 |   0.0 |      18 |       0 |   0.0
        D:2 |      13 |       0 |   0.0 |       1 |       0 |   0.0
        D:3 |      73 |       5 |   6.4 |       9 |       3 |  25.0
        D:4 |      11 |       0 |   0.0 |       5 |       0 |   0.0
            +---------+---------+-------+---------+---------+-------
